Unix NetHack Version 5.0.0-0 post-release - last build May  4 2026 22:22:43 (774f63e81ad911689b3a0859ea89b322d5daca8d,branch:main).

Game began 2026-05-09 19:23:26, ended 2026-05-09 19:32:15.

BeardyHaddock, lawful male dwarven Archeologist

                                                     ------     ------------
                                                     |....|    #...........|
                                          ###########......### #|.....<....|
                                   `#######         #|....|  # #|._........|
                                ####     #          #|....+#####|..........|
  ----------------              )--------+---       #|....|     |..........|
  |*.............| ############f@....{......|       #|....-#    ------|-----
  |...............##          e:#|..........-#      #--.-.-#          #
  |..............|               |..........|#      #### `##          #
  |...............#######`       |..........|#        ##   ##         #
  ---------.------               ------------#         #   ##         #
           #                                 #         #   ##        ##
          ##                                 #         #   ####      #
           #                                 #         #   #  #      #
           ######################################------#      ####   #
                                                #|....-#   ##  --|---.----
                                                #.....|   #####-.........|
                                                 |.....####    |>........|
                                                 ------        -----------

BeardyHaddock the Field Worker  St:12 Dx:10 Co:13 In:16 Wi:16 Ch:10  Lawful
Dlvl:3  $:76 HP:0(20) Pw:11(11) AC:8  Xp:3 T:1495 

Latest messages:
 You lash the floating eye.
 You are frozen by the floating eye's gaze!
 The kitten bites the floating eye.
 The floating eye is killed!
 Your kitten eats a floating eye corpse.
 You see the cave spider hide under darts.
 The cave spider emerges from hiding.
 The kitten misses the cave spider.
 The cave spider bites!
 The kitten misses the cave spider.
 The kitten misses the cave spider.
 The cave spider bites!
 The kitten misses the cave spider.
 The kitten misses the cave spider.
 The cave spider bites!
 The kitten misses the cave spider.
 The cave spider bites!
 The kitten misses the cave spider.
 The cave spider bites!
 The kitten bites the cave spider.
 The cave spider is killed!
 Your kitten eats a cave spider corpse.
 The kitten misses it.
 The kitten misses the newt.
 The newt bites!
 The kitten misses the newt.
 The newt bites!
 The kitten bites the newt.
 The newt misses the kitten.
 The kitten bites the newt.
 The newt bites!
 The kitten misses the newt.
 The kitten misses the newt.
 The kitten bites the floating eye.
 The kitten is frozen by the floating eye's gaze!
 The newt bites!
 The newt bites!
 You hear bubbling water.
 The newt bites!
 The newt bites!
 The newt bites!
 The newt bites!
 The newt bites!
 The newt bites!
 You die...
 Do you want your possessions identified? [ynq] (y) n
 Do you want to see your attributes? [ynq] (y) n
 Do you want an account of creatures vanquished? [ynaq] (y) n
 Do you want to see your conduct and achievements? [ynq] (y) n
 Do you want to see the dungeon overview? [ynq] (y) n

Inventory:
 Coins    ('$')
  $ - 76 gold pieces
 Weapons  (')')
  o - 13 +0 darts
  n - a blessed +0 axe
  a - a +2 bullwhip (weapon in right hand)
 Armor    ('[')
  c - an uncursed +0 fedora
  t - an uncursed +0 orcish helm (being worn)
  j - a cursed +0 shield of reflection
  b - an uncursed +0 leather jacket (being worn)
 Comestibles  ('%')
  d - 4 uncursed food rations
 Scrolls  ('?')
  m - an uncursed scroll of teleportation
 Rings    ('=')
  u - a cursed ring of hunger
  l - a cursed -1 ring of increase damage
 Wands    ('/')
  k - a wand of make invisible (0:4)
  q - a blessed wand of stasis (0:5)
 Tools    ('(')
  h - an empty uncursed sack
  e - a +0 pick-axe (alternate weapon; not wielded)
  i - an uncursed tin opener
  f - a tinning kit (0:66)
 Gems/Stones  ('*')
  x - an uncursed amber stone
  g - an uncursed touchstone

BeardyHaddock the Archeologist's attributes:

Background:
 You were a Field Worker, a level 3 male dwarven Archeologist.
 You were lawful, nominally on a mission for Quetzalcoatl
 who was opposed by Camaxtli (neutral) and Huhetotl (chaotic).
 You were right-handed.
 You were in the Dungeons of Doom, on level 3.
 You entered the dungeon 1495 turns ago.
 You had 43 experience points, 37 more were needed to attain level 4.

Basics:
 You had 0 out of 20 hit points.
 You had all 11 energy points (spell power).
 Your armor class was 8.
 Your wallet contained 76 zorkmids.
 Autopickup was off.

Final Characteristics:
 Your strength was 12 (limit:18/100).
 Your dexterity was 10 (limit:20).
 Your constitution was 13 (limit:20).
 Your intelligence was 16 (limit:16).
 Your wisdom was 16 (limit:16).
 Your charisma was 10 (limit:16).

Final Status:
 You weren't hungry.
 You were unencumbered.
 You were wielding a whip.
 You had basic skill with whip.

Final Attributes:
 You were devoutly aligned.
 You had automatic searching.
 You had infravision.
 You were fast.
 You are dead.

Miscellaneous:
 You didn't encounter any bones levels.
 Total elapsed playing time was 8 minutes and 46 seconds.

Major events:
 Turn
    1: BeardyHaddock the lawful male dwarven Archeologist entered the dungeon
 1067: attained the rank of Field Worker (level 3)
 1495: killed by a newt, while frozen by a floating eye's gaze

You didn't know any spells.

Skills:
 Fighting Skills
   bare handed combat [Unskilled]
   two weapon combat  [Unskilled]
   riding             [Unskilled]
 Weapon Skills
   dagger             [Unskilled]
   knife              [Unskilled]
   pick-axe           [Basic]
   short sword        [Unskilled]
   saber              [Unskilled]
   club               [Unskilled]
   quarterstaff       [Unskilled]
   sling              [Unskilled]
   dart               [Unskilled]
   boomerang          [Unskilled]
   whip               [Basic]
   unicorn horn       [Unskilled]
 Spellcasting Skills
   attack spells      [Unskilled]
   healing spells     [Unskilled]
   divination spells  [Unskilled]
   matter spells      [Unskilled]

Voluntary challenges:
 Character rerolling was not enabled.
 You were an atheist.
 You never genocided any monsters.
 You never polymorphed an object.
 You never changed form.
 You used no wishes.
Achievement:
 You attained the rank of Field Worker.

 The Dungeons of Doom: levels 1 to 3
    Level 1:
       Some fountains.
    Level 2:
       A fountain.
    Level 3: <- You were here.
       An altar to Quetzalcoatl, a fountain.
       Final resting place for
          you, killed by a newt, while frozen by a floating eye's gaze.


Vanquished creatures:
  a floating eye
  a cave spider
  a yellow mold
  a gnome zombie
  a gecko
  4 jackals
  a fox
  2 kobolds
  2 goblins
  2 sewer rats
  6 grid bugs
  4 lichens
  3 newts
29 creatures vanquished.

No species were genocided or became extinct.

Game over:
                       ----------
                      /          \
                     /    REST    \
                    /      IN      \
                   /     PEACE      \
                  /                  \
                  |  BeardyHaddock   |
                  |      76 Au       |
                  | killed by a newt |
                  |                  |
                  |                  |
                  |                  |
                  |       2026       |
                 *|     *  *  *      | *
        _________)/\\_//(\/(/\)/\//\/|_)_______

Goodbye BeardyHaddock the Archeologist...

You died in The Dungeons of Doom on dungeon level 3 with 371 points,
and 76 pieces of gold, after 1495 moves.
You were level 3 with a maximum of 20 hit points when you died.

